 Seeded DCSS version 0.31-a0-672-g7da72447bb (webtiles) character file.

Game seed: 1506527097514143605 (custom seed)

1663 demibob the Carver (level 8, -1/55 (62) HPs)
             Began as a Minotaur Gladiator on Sept 4, 2023.
             Slain by a wight
             ... wielding a +3 hand axe
              (9 damage)
             ... on level 6 of the Dungeon.
             The game lasted 00:04:20 (4513 turns).

demibob the Carver (Minotaur Gladiator)             Turns: 4513, Time: 00:04:20

HP:   -1/55 (62)    AC:  7    Str: 19    XL:     8   Next: 69%
MP:   7/7           EV: 12    Int:  5    God:
Gold: 203           SH:  0    Dex: 14    Spells: 7/7 levels left

rFire   . . .        s - +5 demon blade (pain)
rCold   . . .        (no shield)
rNeg    . . .        b - +0 leather armour
rPois   .            c - +0 hat
rElec   .            (no cloak)
rCorr   .            o - +2 pair of gloves
SInv    .            r - +0 pair of boots
Will    .....        p - amulet of the acrobat
Stlth   +            Z - ring of wizardry
HPRegen 0.29/turn    (no ring)
MPRegen 0.10/turn

%: acrobat, wizardry (x1)
@: mighty, marked, heavily drained
A: horns 2, retaliatory headbutt
a: no special abilities


You were on level 6 of the Dungeon.
You visited 1 branch of the dungeon, and saw 6 of its levels.

You collected 203 gold pieces.


Innate Abilities, Weirdness & Mutations

You have a pair of horns on your head.
You reflexively headbutt those who attack you in melee.


   Skills:
 - Level 2.4 Fighting
 + Level 10.6 Long Blades
 - Level 2.0 Throwing
 - Level 3.2 Dodging
 + Level 5.4 Necromancy


You had 7 spell levels left.
You didn't know any spells.
Your spell library contained the following spells:

 Spells                   Type           Power      Damage    Failure   Level
 Vampiric Draining        Necr           5%         2d6       9%          3
 Slow                     Hex            0%         N/A       26%         1
 Confusing Touch          Hex            0%         N/A       56%         3
 Inner Flame              Hex/Fire       0%         N/A       56%         3
 Flame Wave               Conj/Fire      0%         2d4       91%         4
 Sticky Flame             Conj/Fire      0%         2d3       91%         4

Inventory:

Hand Weapons
 a - a +0 long sword of venom
 s - a +5 demon blade of pain (weapon)
 A - the +0 dagger "Cigg" {distort, rElec rPois rF- rCorr}
   (You found it on level 4 of the Dungeon)

   rF-:       It makes you vulnerable to fire.
   rElec:     It insulates you from electricity.
   rPois:     It protects you from poison rCorr: It protects you from acid and
   corrosion.
Missiles
 d - 3 throwing nets (quivered) {=f}
 e - a javelin
Armour
 b - a +0 leather armour (worn)
 c - a +0 hat (worn)
 o - a +2 pair of gloves (worn)
 r - a +0 pair of boots (worn)
Jewellery
 p - an amulet of the acrobat (around neck)
 H - an amulet of magic regeneration
 Z - a ring of wizardry (left hand)
Wands
 t - a wand of flame (15)
 y - a wand of polymorph (3)
 C - a wand of digging (9)
 G - a wand of charming (6)
Scrolls
 k - 3 scrolls of poison
 n - a scroll of fog
 q - 2 scrolls of revelation
 u - a scroll of noise
 z - 2 scrolls of teleportation {@r2}
 B - a scroll of amnesia
Potions
 f - a potion of invisibility
 h - 2 potions of mutation
 j - a potion of haste {unknown}
 v - a potion of magic
 w - 2 potions of might
 D - 2 potions of enlightenment

Dungeon Overview and Level Annotations

Branches:
Dungeon (6/15)
 Temple: D:4-7

Altars:
Okawaru
Zin

Annotations:
D:5 1 runed translucent door, Crazy Yiuf ...........# ..........# .......... ......... 5KKK.. zzK.

#z##
#.z#####
#.z@...#
#......#
#......#
#)))...#
#......#
#......#
#?...[.#
....#..#
....#...


You could see a kobold brigand, a lemure, 5 wights and 2 kobolds.


Message History

You feel drained.
* * * LOW HITPOINT WARNING * * *
A kobold comes into view. It is wielding a +0 short sword. x2
A kobold comes into view. It is wielding a +0 whip.
You closely miss the wight.
The wight is severely damaged.
You hit the wight.
You destroy the wight!
The wight closely misses you.
You hit the wight. Your headbutt misses the wight.
The wight is moderately damaged.
The wight closely misses you.
The wight hits you with a +1 long sword!
* * * LOW HITPOINT WARNING * * *
You feel drained.
* * * LOW HITPOINT WARNING * * *
You feel better.
The wight hits you from afar with a +0 halberd!
* * * LOW HITPOINT WARNING * * *
The wight hits you with a +1 long sword.
* * * LOW HITPOINT WARNING * * *
You feel drained.
Okay, then.
A kobold comes into view. It is wielding a +0 short sword.
A lemure comes into view.
There is a stone staircase leading up here.
The wight hits you with a +1 long sword.
* * * LOW HITPOINT WARNING * * *
The wight hits you with a +3 hand axe!
You die...

Skill      XL: |  1  2  3  4  5  6  7  8 |
---------------+-------------------------+-----
Long Blades    | 4 5 7 8 9 10 | 10.6
Necromancy     | 2 3 4 5 |  5.4
Fighting       | |  2.4
Throwing       | |  2.0
Dodging        | |  3.2

Action                     |  1- 3 |  4- 6 |  7- 9 || total
---------------------------+-------+-------+-------++-------
  Melee: Long sword        |    77 |       |       ||    77
         Headbutt          |    10 |     8 |    14 ||    32
         Demon blade       |     1 |    65 |    75 ||   141
         Punch             |     1 |       |     2 ||     3
    Use: Scroll            |     1 |       |    19 ||    20
         Potion            |       |       |     2 ||     2
   Stab: Sleeping          |     2 |       |       ||     2
 Armour: Leather armour    |    30 |    26 |    40 ||    96
  Dodge: Dodged            |    54 |    37 |    45 ||   136

Levels and vault maps discovered:
D:1:      minmay_arrival_checkered_box, layout_basic, serial_corexii_hall,
          corexii_hall_statues_x, corexii_hall_statues_t,
          corexii_hall_statues_t, chequers_hall_statues_wall_a,
          minmay_stone_trees_medium, st_stairs_8, minmay_ruptured
D:2:      layout_loops_ring
D:3:      layout_loops_ring, uniq_ijyb, uniq_grinder
D:4:      layout_basic, mainiacjoe_overflow_catwalk_spiral,
          amcnicky_mini_corridor_feature, hex_tiny
D:5:      minmay_bubble_buster, layout_cave_pools, uniq_edmund,
          uniq_crazy_yiuf_cottage
D:6:      layout_rooms, minmay_temple_entry_wispy,
          hangedman_abyss_or_decor_stabs, corexii_leaking_fountain,
          uniq_sigmund, uniq_prince_ribbit1, uniq_pikel

Notes
Turn   | Place    | Note
-------+----------+-------------------------------------------
     0 | D:1      | demibob the Minotaur Gladiator began the quest for the Orb.
     0 | D:1      | Reached XP level 1. HP: 18/18 MP: 0/0
    45 | D:1      | Reached skill level 4 in Long Blades
    97 | D:1      | Reached XP level 2. HP: 21/25 MP: 1/1
   597 | D:1      | Reached skill level 5 in Long Blades
   608 | D:1      | Reached XP level 3. HP: 28/30 MP: 2/2
  1641 | D:2      | Identified a scroll of acquirement
  1641 | D:2      | Acquired a +3 demon blade of pain
  1674 | D:3      | Reached XP level 4. HP: 37/37 MP: 3/3
  1752 | D:3      | Reached skill level 6 in Long Blades
  1865 | D:3      | Noticed Ijyb
  1872 | D:3      | Killed Ijyb
  2248 | D:3      | Noticed Grinder
  2260 | D:3      | Killed Grinder
  2261 | D:3      | Reached skill level 7 in Long Blades
  2261 | D:3      | Reached skill level 2 in Necromancy
  2261 | D:3      | Reached XP level 5. HP: 24/42 MP: 4/4
  2261 | D:3      | Reached XP level 6. HP: 29/50 MP: 5/5
  2400 | D:4      | Found a glowing silver altar of Zin.
  2411 | D:4      | Found an iron altar of Okawaru.
  2583 | D:4      | Identified the +0 dagger "Cigg" {distort, rElec rPois rF-
                  | rCorr}
  2633 | D:4      | Reached skill level 3 in Necromancy
  3053 | D:4      | Reached skill level 8 in Long Blades
  3053 | D:4      | Reached XP level 7. HP: 42/56 MP: 6/6
  3424 | D:5      | Entered Level 5 of the Dungeon
  3672 | D:5      | Found a runed translucent door.
  3673 | D:5      | Noticed Crazy Yiuf
  3758 | D:5      | Noticed Edmund
  3769 | D:5      | Killed Edmund
  3770 | D:5      | Reached skill level 9 in Long Blades
  3770 | D:5      | Reached skill level 4 in Necromancy
  3959 | D:5      | Reached XP level 8. HP: 45/62 MP: 7/7
  4482 | D:6      | Noticed Prince Ribbit
  4490 | D:6      | Killed Prince Ribbit
  4491 | D:6      | Reached skill level 10 in Long Blades
  4494 | D:6      | Reached skill level 5 in Necromancy
  4513 | D:6      | Slain by a wight

Vanquished Creatures
  Prince Ribbit (D:6)
  Grinder (D:3)
  Edmund (D:5)
  A black bear (D:5)
  A phantom (D:5)
  A kobold brigand (D:6)
  2 scorpions
  4 wights (D:6)
  6 jellies
  A howler monkey (D:6)
  3 hounds
  2 orc priests
  A sleepcap (D:4)
  Ijyb (D:3)
  An iguana (D:5)
  3 adders
  3 gnolls (D:4)
  A worm (D:3)
  5 dart slugs
  7 orcs
  7 ball pythons
  3 endoplasms
  A giant cockroach (D:4)
  8 goblins
  12 hobgoblins
  10 kobolds
  5 quokkas
  6 bats
  2 frilled lizards (D:1)
  3 rats
103 creatures vanquished.

Table legend: (Time is in decaauts)
 A = Elapsed time spent in this place.
 B = Non-inter-level travel time spent in this place.
 C = Inter-level travel time spent in this place.
 D = Time resting spent in this place.
 E = Time spent auto-exploring this place.
 F = Levels seen in this place.
 G = Mean time per level.
                   A        B        C        D        E       F      G
               +--------+--------+--------+--------+--------+-----+--------+
         Total |   4508 |   4348 |    160 |    199 |   3574 |   6 |  751.3 |
       Dungeon |   4508 |   4348 |    160 |    199 |   3574 |   6 |  751.3 |
               +--------+--------+--------+--------+--------+-----+--------+

Top non-repeatable levels by time:
     D:5: 1047 daAuts
     D:1: 1025 daAuts
     D:4: 1020 daAuts
     D:3: 728 daAuts
     D:2: 656 daAuts
     D:6: 30 daAuts

Table legend:
 A = Non-vault XP
 B = Vault XP
 C = Vault XP percentage of total XP
 D = Non-vault monster count
 E = Vault monster count
 F = Vault count percentage of total count
                 A         B        C        D         E       F
            +---------+---------+-------+---------+---------+-------
      Total |    1365 |    1011 |  42.6 |      86 |      17 |  16.5
            +---------+---------+-------+---------+---------+-------
        D:1 |      35 |       9 |  20.5 |      19 |       7 |  26.9
        D:2 |      51 |       0 |   0.0 |      14 |       0 |   0.0
        D:3 |      24 |     308 |  92.8 |      11 |       2 |  15.4
        D:4 |     325 |       0 |   0.0 |      19 |       0 |   0.0
        D:5 |     350 |     411 |  54.0 |       9 |       7 |  43.8
        D:6 |     580 |     283 |  32.8 |      14 |       1 |   6.7
            +---------+---------+-------+---------+---------+-------
